AoeStats
← Cherfe Unai

Arabia

509508227Analyzed
2v2 RM · 5d ago on Sep 27, 2026· 42m 51s· 4 players
Game mode
Random Map
Map size
Medium (4 player)
Population
200
Speed
Normal
Resources
Standard
Victory
Conquest
Starting age
Dark Age
Ending age
Imperial Age
RankedLock teamsTeams togetherTeam positionsShared explorationLock speedFull tech treeHidden civsTurbo modeCheats
Victory
Defeat
🇦🇷 Tatars · Argentina
1177
+13
🇦🇷 Inca · Argentina
1051
+19
🇹🇼 Dravidians · Taiwan
1136
-17
🇦🇷 Varangians · Argentina
1093
-18
Sir Napien
7:27 Loom
9:45 Feudal Age
13:54 Double-Bit Axe
15:02 Horse Collar
20:25 Castle Age
18:53 Gold Mining
19:11 Fletching
21:06 Bodkin Arrow
22:18 Bow Saw
22:12 Heavy Plow
23:26 Ballistics
27:44 Husbandry
27:55 Bloodlines
28:55 Wheelbarrow
35:21 Imperial Age
33:13 Padded Archer Armor
34:07 Hand Cart
34:45 Gold Shaft Mining
34:09 Stone Mining
36:04 Bracer
37:39 Chemistry
40:17 Conscription
Cherfe Unai
6:23 Loom
6:43 Loom
9:58 Feudal Age
10:57 Double-Bit Axe
22:44 Castle Age
21:26 Champi Runner
22:56 Champi Warrior
26:34 Arson
26:33 Horse Collar
28:05 Squires
29:17 Scale Mail Armor
31:13 Bow Saw
31:27 Gold Mining
32:06 Forging
38:33 Iron Casting
38:54 Chain Mail Armor
39:21 Heavy Plow
波卡
10:54 Feudal Age
11:26 Double-Bit Axe
20:51 Castle Age
20:37 Fletching
20:32 Horse Collar
21:46 Bow Saw
21:33 Gold Mining
22:31 Elite Skirmisher
26:55 Ballistics
29:36 Wheelbarrow
31:12 Heavy Plow
34:47 Imperial Age
34:55 Hand Cart
38:05 Scale Barding Armor
39:47 Elite Elephant Archer
NinjaLoco46
7:01 Loom
9:30 Feudal Age
10:20 Double-Bit Axe
11:32 Bloodlines
17:16 Scale Barding Armor
17:55 Forging
20:52 Wheelbarrow
23:35 Castle Age
22:10 Horse Collar
22:21 Gold Mining
25:01 Husbandry
33:07 Hand Cart
32:55 Heavy Plow
33:09 Bow Saw
37:25 Coinage
37:44 Town Watch
43:22 Imperial Age
Connection lost

Rejoining the realm…

Still unreachable

The connection could not be restored.

Session expired

The server has moved on; the page needs a fresh start.